[Event "AI Cup Div-2 2023"]
[Site "Online"]
[Date "2023.09.25"]
[Round "1.3"]
[White "Dominguez Perez, Leinier"]
[Black "Saric, Ivan"]
[Result "0-1"]
[ECO "B12"]
[WhiteElo "2745"]
[BlackElo "2647"]
[Annotator "TA"]
[PlyCount "116"]
[EventDate "2023.09.18"]
[EventType "k.o."]
[EventCountry "NET"]
[SourceTitle "playchess.com"]
[Source "ChessBase"]
[SourceQuality "1"]
[TimeControl "900+3"]

1. e4 c6 2. d4 d5 3. e5 Bf5 4. Nf3 e6 5. Be2 Ne7 6. O-O Nd7 7. Nbd2 Ng6 {[%emt 0:00:18] B12: Caro-Kann: Advance Variation.} 8. Nb3 f6 {[%emt 0:00:49][%cal Rf6e5] [#]} 9. Be3 $146 (9. Ne1 $14) ({Predecessor:} 9. Re1 fxe5 10. dxe5 Bc5 11. Nfd4 O-O 12. Nxc5 Nxc5 13. Be3 Qe7 14. f4 Be4 15. g3 {0-1 Salem,A (2677)-Iordachescu,V (2584) UAE National Day 51st rapid 2022 (7)}) 9... fxe5 $11 {[%emt 0:01:13] The position is equal.} 10. dxe5 Ngxe5 11. Nxe5 Nxe5 12. Nd4 Bd6 13. Nxf5 exf5 14. c4 O-O 15. cxd5 f4 16. Bd4 f3 $1 {[%emt 0:00:04] [#] ...Qg5 would be deadly.} (16... cxd5 17. Re1 $11 (17. Qb3 f3 $11)) 17. Bxe5 $1 {[%emt 0:00:07][%cal Oe2c4] Bc4! is the strong threat.} fxg2 (17... Bxe5 18. Bxf3 Rb8 19. Re1 $14 (19. dxc6 bxc6 20. Rb1 Qf6 $14)) 18. Kxg2 {[%emt 0:00:32] Strongly threatening Bg3.} Bxe5 19. dxc6 {[%emt 0:00:23] White is weak on the dark squares} Qg5+ (19... Bxb2 $2 20. cxb7 Bxa1 21. Qb3+ Kh8 22. bxa8=R Qxa8+ 23. Bf3 Qxf3+ 24. Qxf3 Rxf3 25. Kxf3 $18) 20. Kh1 bxc6 21. Qb3+ Kh8 22. Qh3 {[%emt 0:00:01] Against Qh4} Rf6 {[%emt 0:00:21][%cal Of6h6] White must now prevent ...Rh6! Black is much more active.} 23. Qg4 Qh6 24. f4 Rxf4 25. Rxf4 Bxf4 26. Qg2 Rd8 27. Rd1 Rxd1+ 28. Bxd1 $17 {[%emt 0:00:01][%mdl 4096] Endgame KQB-KQB} Qh4 29. Qe2 {[%emt 0:00:19][%cal Re2e8] Repels Qe1+} g6 30. Bb3 Kg7 31. Bc2 c5 32. b3 Kh6 (32... Bd6 $17 33. Bd3 Qd4) 33. Be4 Qf6 34. Bf3 Kg7 35. Kg2 h5 36. Be4 Qh4 37. Qf3 $2 {[%emt 0:00:05][%mdl 8192] This move loses the game for White.} (37. Qb2+ $17 Kh7 38. Qf2 Qxh2+ 39. Kf3) 37... Qxh2+ $19 ({Not} 37... Bxh2 38. Qc3+ Kh7 39. Qd3 $17) 38. Kf1 Qg3 {[%emt 0:00:41] Threatens to win with ...Qxf3+.} ({Avoid the trap} 38... Qd2 $2 39. Bd3 Qc1+ 40. Kg2 $19) 39. Qe2 Be3 40. Bg2 h4 {[%emt 0:00:11] And now ...h3 would win.} 41. Qf3 Qe5 42. Qe4 Qa1+ 43. Ke2 {[%emt 0:00:02] aiming for Qe7+.} Bg5 {[%emt 0:00:09] Inhibits Qe7+.} ({And not} 43... Qxa2+ 44. Kxe3 Qxb3+ 45. Ke2 $17) 44. Qb7+ (44. Qc2 $142) 44... Kh6 {[%emt 0:00:03] ( -> ...Qb2+)} 45. Be4 $2 {[%emt 0:00:08] [#]} (45. Qf3 $19 Qxa2+ 46. Kf1 Qa1+ 47. Ke2) 45... Qxa2+ (45... Qb2+ $142 46. Bc2 Qxc2+ 47. Ke1 Qd2+ 48. Kf1 Qd3+ 49. Kg1 Be3+ 50. Kg2 h3+ 51. Kg3 Bd2+ 52. Kg4 Be1 53. Qh7+ Kxh7 54. Kf4 Bg3+ 55. Kg4 Bf2 56. Kg5 Qf5#) 46. Kd3 {[%emt 0:00:02] Black is clearly winning.} Qd2+ 47. Kc4 Qd4+ 48. Kb5 Qb4+ 49. Ka6 Qxb7+ 50. Bxb7 {[%emt 0:00:03] KB-KB} Be3 51. Kb5 Kg5 52. Kc4 Kf4 53. Kd3 g5 54. Ke2 g4 55. Bc8 Bd4 56. Bd7 h3 57. Bc8 Kg3 58. Kf1 Kh4 {[%emt 0:00:02] Weighted Error Value: White=0.44/Black=0.25 (precise)} 0-1

[Event "AI Cup Div-2 2023"]
[Site "Online"]
[Date "2023.09.25"]
[Round "1.3"]
[White "Andreikin, Dmitry"]
[Black "Antipov, Mikhail Al."]
[Result "1/2-1/2"]
[ECO "D85"]
[WhiteElo "2729"]
[BlackElo "2600"]
[Annotator "TA"]
[PlyCount "110"]
[EventDate "2023.09.18"]
[EventType "k.o."]
[EventCountry "NET"]
[SourceTitle "playchess.com"]
[Source "ChessBase"]
[SourceQuality "1"]
[TimeControl "900+3"]

1. c4 g6 2. d4 Nf6 3. Nc3 d5 4. cxd5 Nxd5 5. e4 Nxc3 6. bxc3 Bg7 7. Nf3 c5 8. Bb5+ Nc6 9. O-O O-O 10. Bxc6 bxc6 11. Qc2 {[%emt 0:00:01] D85: Exchange Grünfeld: Unusual White 7th moves and lines with 7 Nf3.} cxd4 12. cxd4 Bg4 13. Ne5 {[%emt 0:00:01] The position is equal.} Qxd4 14. Bb2 Qb4 15. Rab1 Bxe5 16. Bxe5 Qa5 17. Bc3 Qc5 18. Qb2 a5 19. Rfc1 {[%emt 0:00:07] [#] And now Bh8 would win.} Qd6 20. Be5 Qd7 21. h3 Be6 22. Rd1 Qa7 {[%emt 0:00:16] [#]} 23. a3 $146 ({Predecessor:} 23. Bd4 c5 24. Bg7 Rfb8 25. Qe5 Rxb1 26. Rxb1 Bxa2 27. Rb2 f6 28. Qc3 Kxg7 29. Rxa2 {0-1 Muradli,M (2523)-Sevian,S (2684) Chess.com Rapid Wk21 Swiss 2022 (5)}) 23... Rfd8 24. Qc3 Rxd1+ 25. Rxd1 Qb6 26. Rc1 Rc8 27. Bd4 Qd8 28. Bc5 f6 29. Rb1 Kf7 30. e5 Rb8 31. Rxb8 Qxb8 32. exf6 exf6 33. Qxa5 $11 {[%emt 0:00:03][%mdl 4096] Endgame KQB-KQB} Qb1+ 34. Kh2 Qb8+ 35. Kg1 Qb1+ 36. Kh2 {[%emt 0:00:00] Threatening mate with Qc7+.} Qb8+ 37. g3 Bd5 38. a4 h5 39. Qe1 {[%emt 0:01:22] Threatening a5.} Qe8 40. Qxe8+ Kxe8 $14 {[%emt 0:00:01] KB-KB} 41. g4 (41. a5 $5 Kd8 42. a6 $14) 41... hxg4 42. hxg4 Kd7 43. Kg3 Kc7 44. Kf4 {[%emt 0:00:05] Strongly threatening Bd4.} Be6 45. Be7 g5+ $2 (45... Kb6 $11 {and Black stays safe.}) 46. Ke4 $2 (46. Kg3 $18) 46... Bxg4 $11 47. Bxf6 Kb7 $2 (47... Kb6 $11 {and Black is okay.}) 48. Bxg5 $18 {[%emt 0:00:02] White has a decisive advantage.} c5 49. Bd2 Bd7 50. a5 Ka8 51. f4 Bc8 52. f5 Bxf5+ 53. Kxf5 c4 {[%emt 0:00:01] [#]} 54. Ke5 $1 c3 55. Bxc3 Kb7 {[%emt 0:00:02][%mdl 32768] Weighted Error Value: White=0.13 (very precise) /Black=0.23 (precise) . An unexpected result.} 1/2-1/2

[Event "AI Cup Div-2 2023"]
[Site "Online"]
[Date "2023.09.25"]
[Round "1.3"]
[White "Duda, Jan-Krzysztof"]
[Black "Niemann, Hans Moke"]
[Result "0-1"]
[ECO "E11"]
[WhiteElo "2726"]
[BlackElo "2667"]
[Annotator "TA"]
[PlyCount "128"]
[EventDate "2023.09.18"]
[EventType "k.o."]
[EventCountry "NET"]
[SourceTitle "playchess.com"]
[Source "ChessBase"]
[SourceQuality "1"]
[TimeControl "900+3"]

1. d4 Nf6 2. c4 e6 3. Nf3 d5 4. g3 Bb4+ 5. Bd2 a5 6. Qc1 {[%emt 0:00:20] E11: Bogo-Indian.} O-O 7. Bg2 Be7 8. O-O {[%emt 0:00:04] The position is equal.} c6 9. Bg5 Nbd7 10. Rd1 {[%emt 0:00:15] [#]} h6 $146 ({Predecessor:} 10... b6 11. Bxf6 Bxf6 12. cxd5 cxd5 13. Nc3 Ba6 14. a4 Rc8 15. Qf4 Qc7 16. e3 Be7 {1-0 Muradli,M (2552)-Atakishiyev,E (2271) Abu Dhabi Masters 28th 2022 (3)}) 11. Bf4 g5 12. Bd2 Ne4 13. Ne1 f5 14. Nd3 Bf6 15. e3 h5 (15... Qe7 $15) 16. f3 Nd6 17. c5 Nf7 18. f4 h4 19. Nc3 Kg7 20. gxh4 g4 21. Be1 Rh8 22. Bg3 Nf8 (22... b6 $11) 23. Na4 $14 Nd7 24. a3 (24. Kf2 {looks sharper.} Bxh4 25. Rh1 Rh6 26. Qc3) 24... Bxh4 25. Qc3 Nf6 26. Qe1 Ne4 ({Black should play} 26... Bxg3 $14 27. Qxg3 Ra6) 27. Nb6 ({White should try} 27. Bxh4 $16 Rxh4 28. Nb6) 27... Rb8 (27... Bxg3 $11 {keeps the balance.} 28. hxg3 Ra6) 28. Bxe4 (28. Qxa5 Bxg3 29. hxg3 Qf6 $17) ({Only move:} 28. Bxh4 $16 Rxh4 29. Bxe4 (29. Qxa5 Qh8 $17) 29... dxe4 30. Ne5) 28... Bxg3 $1 29. hxg3 (29. Qxg3 $16 dxe4 30. Ne5) 29... fxe4 $15 30. Nf2 Nh6 (30... e5 $15) 31. Kg2 $11 {[%emt 0:00:10] Qe2 is the strong threat.} (31. Qxa5 Nf5 32. Qa7 (32. Nxg4 Nxg3 33. Nh2 e5 $19) 32... Bd7 33. Nxg4 Nxg3 $17) 31... e5 32. dxe5 (32. Qxa5 $2 exf4 33. exf4 e3 $19) 32... Be6 $2 {[%emt 0:00:26] [#]} (32... Nf5 $16) 33. Nc4 $4 (33. Qxa5 Nf5 34. Re1 d4 $17) (33. Nxe4 $1 $18 {Qe2 would be deadly.} Qe7 34. Nd6) 33... Nf5 $19 34. Nd6 Nxg3 {[%emt 0:00:29][%mdl 64] Threatens to win with ...Qh4. Decoy} 35. Ndxe4 $2 {[%emt 0:00:39] [#]} ({Much weaker is} 35. Nxg4 Rh4 36. Qxg3 Rxg4 $19) (35. Qc3) 35... Qh4 $1 {[%emt 0:00:20][%csl Gh8][%cal Rh4h2][%mdl 64] Zwischenzug} 36. Nxg3 (36. Qh1 Nxh1) 36... Qh2+ {[%emt 0:00:01][%mdl 64] Deflection} 37. Kf1 Qxg3 38. Ke2 {[%emt 0:00:32] White is weak on the light squares} Rh2 39. Rd2 {[%emt 0:00:15] [#]} d4 $1 40. Rxd4 Qf3+ {[%emt 0:00:04][%mdl 64] Deflection} 41. Kd3 Rxf2 42. Rd1 Bf5+ 43. Kc4 Be6+ (43... Rd8 $142 44. Kb3 a4+ 45. Ka2 Be6+ 46. Kb1 Rxd4 47. Rxd4 Rf1 48. Rd1 Rxe1 49. Rxe1 g3 50. Rg1 Qe4+ 51. Ka1 Qxe3 52. Rd1 Qb3 53. Rd7+ Bxd7 54. f5 Qd1+ 55. Ka2 Bxf5 56. b4 Qb1#) 44. Kd3 g3 45. Rd6 Bf5+ 46. Kc3 Qe4 (46... Re2 $142 47. Kb3 Rxe1 48. Rxe1 Qf2) 47. R1d2 Qf3 $2 (47... Rh8 $19 {( -> ...Rh1)} 48. Rd7+ Bxd7 49. Rxd7+ Kf8) 48. e6 $2 (48. Rd1 $11 Re2 49. Kb3 Rxe3+ 50. Ka2 Rxe1 51. Rxe1 Qxf4 52. e6) 48... Re8 {[%emt 0:00:19] Black is clearly winning.} 49. b4 axb4+ (49... Rf1 $142 50. Qe2 Rc1+ 51. Kb3 Rb1+ {[%mdl 64] Skewer, Deflection} 52. Ka2 axb4) 50. Kxb4 Rf1 ({Not} 50... Rxe6 51. Qa1+ Kg6 52. Qe5 $11) 51. Qe2 Qxe2 52. Rxe2 Rf2 53. Re1 g2 {[%emt 0:00:02] And now ...Rf1 would win.} 54. Rg1 Rxe6 55. Ka5 Rb2 56. a4 {[%emt 0:00:04] Against Rb5+} Rxd6 57. cxd6 Bc8 58. Rxg2+ Rxg2 {[%emt 0:00:02][%mdl 4096] Endgame} 59. Kb6 Rd2 60. Kc7 Bf5 61. e4 Bxe4 62. d7 c5 63. d8=Q Rxd8 64. Kxd8 c4 {[%emt 0:00:01] An interesting game.   Weighted Error Value: White=1.12/Black=0.70} 0-1

[Event "AI Cup Div-2 2023"]
[Site "Online"]
[Date "2023.09.25"]
[Round "1.3"]
[White "Keymer, Vincent"]
[Black "Hakobyan, Aram"]
[Result "1-0"]
[ECO "D38"]
[WhiteElo "2717"]
[BlackElo "2617"]
[Annotator "TA"]
[PlyCount "129"]
[EventDate "2023.09.18"]
[EventType "k.o."]
[EventCountry "NET"]
[SourceTitle "playchess.com"]
[Source "ChessBase"]
[SourceQuality "1"]
[TimeControl "900+3"]

1. d4 Nf6 2. c4 e6 3. Nf3 d5 4. Nc3 Bb4 5. cxd5 exd5 6. Qa4+ Nc6 7. Bg5 h6 8. Bxf6 Qxf6 9. e3 O-O 10. Be2 {[%emt 0:00:08] 10.Rc1 deserves study.} Rd8 11. O-O {[%emt 0:00:59] D38: Queen's Gambit Declined: Ragozin Defence (4 Nf3 Bb4).} Bf8 12. Nb5 $5 {[%emt 0:02:15][%mdl 4] A promising side line.} Qe7 {[%emt 0:01:43] [#]} 13. Rfc1 $146 {[%emt 0:01:16] The position is equal.} ({Predecessor:} 13. Rac1 a6 14. Nc3 Be6 15. a3 Rab8 16. Qc2 Na7 17. Na4 Nb5 18. Nc5 Bg4 19. h3 {0-1 Vahidov,T (2446)-Aleksandrov,A (2554) Wch Rapid Dubai 2014 (8)}) 13... a6 14. Nc3 Be6 15. Ne1 Na7 16. Nd3 c6 17. Nc5 Nb5 18. Nxe6 Qxe6 19. Qc2 Re8 20. g3 Nxc3 21. bxc3 Ba3 22. Re1 b5 23. Bd3 Qd6 24. e4 dxe4 25. Bxe4 Re7 26. Bf3 Rae8 27. Rxe7 Rxe7 28. Qb3 {[%emt 0:00:01] Against c5} b4 29. Rd1 bxc3 30. Qxc3 Bb4 31. Qc4 Re1+ 32. Rxe1 Bxe1 $14 {[%emt 0:00:00][%mdl 4096] Endgame KQB-KQB} 33. Kg2 (33. Qxa6 {keeps more tension.} Qxd4 34. Qc8+ Kh7 35. Qf5+) 33... Qf6 34. Qxa6 (34. Bxc6 Qxf2+ 35. Kh3 h5 $15) 34... Qxd4 35. Qe2 ({Of course not} 35. Qxc6 $6 Qxf2+ 36. Kh3 Qf1+ 37. Bg2 Qf5+ 38. g4 Qd3+ 39. Qf3 Qd2 $11) (35. Qc8+ {is more complex.} Kh7 36. Qf5+ Kg8 37. Bxc6 g6 38. Qf3) 35... Bb4 36. Qe8+ Bf8 37. Bxc6 g6 38. a4 Kg7 39. a5 Bc5 40. Qe2 {[%emt 0:00:02] Active counter play!} Ba7 41. a6 Bc5 42. h4 Qf6 43. Bd5 h5 (43... Ba7 $16 44. Qa2 g5) 44. Qf3 Ba7 {[%emt 0:00:17] [#]} (44... Qxf3+ $16 {was necessary.} 45. Kxf3 Kf8) 45. Qxf6+ $1 $18 Kxf6 {[%emt 0:00:00] KB-KB} 46. f4 Ke7 {[%emt 0:00:12] [#]} 47. Kf3 (47. f5 $1 $18 {is the precise move to win.}) 47... f6 (47... f5 $16 {might work better.}) 48. Be4 (48. g4 $18 {has better winning chances. Strongly threatening f5.} hxg4+ 49. Kxg4) 48... Kf7 (48... f5 $16 49. Bd5 Bd4) 49. Ke2 (49. g4 $18 {is more deadly.}) 49... Kg7 $2 {[%emt 0:00:04][%mdl 8192] Loses the game.} (49... f5 $16 50. Bc6 Ke7) 50. Kd3 Kh6 51. Kc4 {[%emt 0:00:10] White mates.} g5 52. f5 gxh4 53. gxh4 Kg7 54. Kd5 Kf7 55. Kc6 Ke7 56. Kb7 Bf2 57. a7 Bxa7 58. Kxa7 {[%emt 0:00:00] KB-KPP} Kd6 59. Kb6 Ke5 60. Bd3 Kf4 61. Kc6 Kg4 62. Kd6 Kxh4 63. Ke6 Kg5 64. Bf1 h4 65. Bg2 {[%emt 0:00:02] Weighted Error Value: White=0.08 (flawless) /Black=0.22 (precise)} 1-0

[Event "AI Cup Div-2 2023"]
[Site "Online"]
[Date "2023.09.25"]
[Round "1.3"]
[White "Eljanov, Pavel"]
[Black "Sarana, Alexey"]
[Result "1-0"]
[ECO "A08"]
[WhiteElo "2695"]
[BlackElo "2693"]
[Annotator "TA"]
[PlyCount "79"]
[EventDate "2023.09.18"]
[EventType "k.o."]
[EventCountry "NET"]
[SourceTitle "playchess.com"]
[Source "ChessBase"]
[SourceQuality "1"]
[TimeControl "900+3"]

1. Nf3 d5 2. g3 Nf6 3. Bg2 e6 4. O-O Be7 5. d3 c5 6. Bf4 {[%emt 0:00:10] A08: King's Indian Attack.} Nc6 7. a4 $5 {[%emt 0:00:11][%mdl 4] [#] Leaves trodden paths.} Bd6 $146 ({Predecessor:} 7... h6 8. e4 O-O 9. e5 Nh7 10. Re1 b6 11. h4 Bb7 12. Nbd2 a6 13. Nf1 b5 {½-½ Andreikin,D (2735)-Anton Guijarro,D (2585) Wch Blitz Almaty 2022 (5)}) 8. Bxd6 {[%emt 0:00:02] The position is equal.} Qxd6 9. Na3 O-O 10. e4 dxe4 11. dxe4 Nxe4 12. Re1 Rd8 13. Qxd6 Nxd6 14. Rad1 f6 15. Nd2 e5 16. Bxc6 bxc6 17. Ne4 Nf7 18. Rxd8+ ({Of course not} 18. Nxc5 Bg4 19. Rxd8+ Rxd8 $15) 18... Nxd8 19. Nxc5 Ne6 20. Nxe6 Bxe6 $11 {[%emt 0:00:00][%mdl 4096] Endgame KRB-KRN} 21. f4 Rd8 22. fxe5 Rd2 23. exf6 {[%emt 0:00:27][%mdl 64] Discovered Attack} Bd5 {[%emt 0:00:02][%mdl 8192] Black cannot hold the game after this.} (23... Bh3 $14) 24. Re7 $1 $18 gxf6 25. Rxa7 Rg2+ 26. Kf1 Rxh2 27. a5 Rh1+ 28. Kf2 Rh2+ 29. Ke1 Rh1+ 30. Kd2 Rh2+ 31. Kc3 Rg2 32. a6 Rxg3+ (32... c5 $142 33. Rc7 Rxg3+ 34. Kd2 Rg2+ 35. Ke3 Rg3+ 36. Kf2 Rg2+ 37. Kf1 Rg5) 33. Kd4 h5 34. Kc5 Rg5 35. Rb7 (35. Rd7 $142) 35... Bg2+ $2 (35... Bh1+ {is a better chance.} 36. Kb6 c5) 36. Kb6 {[%emt 0:00:02] a7 would be deadly. White is clearly winning.} c5 {[%emt 0:00:13][%cal Oh5h4] [#]} 37. Nc4 $1 {[%emt 0:00:02][%cal Oc4e3] Black must now prevent Ne3!} Rg7 {[%emt 0:02:26] [#]} (37... Rg6 $142 38. Rd7 f5+ 39. Ka5 (39. Kxc5 Rxa6 40. Rd8+ Kh7 $11) 39... f4) 38. Ne3 $1 Be4 {[%emt 0:00:02] [#]} 39. c4 $1 Rg1 40. Nd5 {[%emt 0:00:18] Weighted Error Value: White=0.18 (very precise) /Black=0.55} 1-0

[Event "AI Cup Div-2 2023"]
[Site "Online"]
[Date "2023.09.25"]
[Round "1.3"]
[White "Fedoseev, Vladimir"]
[Black "Kuzubov, Yuriy"]
[Result "1-0"]
[ECO "C43"]
[WhiteElo "2683"]
[BlackElo "2625"]
[Annotator "TA"]
[PlyCount "151"]
[EventDate "2023.09.18"]
[EventType "k.o."]
[EventCountry "NET"]
[SourceTitle "playchess.com"]
[Source "ChessBase"]
[SourceQuality "1"]
[TimeControl "900+3"]

1. e4 e5 2. Nf3 Nf6 3. d4 Nxe4 4. Bd3 d5 5. Nxe5 Nd7 6. Ng4 {[%emt 0:00:17] [#] C43: Petroff Defence: 3 d4.} Ndf6 $146 ({Predecessor:} 6... Be7 7. Nd2 f5 8. Ne3 Ndf6 9. g3 O-O 10. Ng2 c5 11. O-O cxd4 12. Nb3 Qb6 13. a4 a5 {½-½ Fedoseev,V (2505)-Kasimdzhanov,R (2681) Moscow Aeroflot op-A 10th 2011 (4)}) 7. Ne3 c5 8. c3 {[%emt 0:01:52] The position is equal.} cxd4 9. cxd4 Bb4+ 10. Nd2 O-O 11. O-O Re8 12. Nf3 Bd6 13. Qb3 Rb8 14. g3 Qa5 15. Bb5 Re7 (15... Bh3 16. Bxe8 Rxe8 17. Rd1 $16) 16. Kg2 (16. Nxd5 Nxd5 17. Qxd5 Be6 18. Qxe4 Qxb5 $17) (16. Rd1 $11 {keeps the balance.}) 16... a6 17. Bd3 Bd7 18. a4 Rbe8 19. h3 (19. Kg1 $15) 19... Qc7 $17 20. Bxe4 (20. Nxd5 $2 Nxd5 21. Qxd5 Be6 22. Qxe4 (22. Qh5 $2 Nf6 $19) 22... Bxh3+ 23. Kxh3 Rxe4 24. Bxe4 Rxe4 $19) 20... dxe4 21. Nd2 b5 ({Better is} 21... Rc8 22. Nb1 Qa5) 22. axb5 axb5 23. Rh1 (23. Qc2 $142) 23... Rc8 24. Ndf1 Qb7 25. Bd2 (25. Qa2 $17) 25... b4 (25... Be6 $19 26. Qd1 Rd7) 26. d5 (26. Nh2 $17 {was called for.}) 26... Re5 $19 27. Nc4 (27. Bc3 $142 Rxd5 28. Nxd5 (28. Bxf6 $2 Rd3 $19) 28... Nxd5 29. Bd4) 27... Rxd5 {[%emt 0:00:04][%cal Oe4e3] Hoping for ...e3! White is weak on the light squares} (27... Qxd5 28. Nfe3 Qe6 29. Ra6 $17) 28. Be3 ({But not} 28. Nfe3 Rxc4 29. Qxc4 (29. Nxc4 $2 e3 $19) 29... Rxd2) 28... Rd3 29. Nxd6 Rxd6 30. Kh2 (30. Qa2 {is a better defense.}) 30... Rd3 31. Qa2 Nd5 32. Kg1 h6 33. Qa5 Be6 34. Rh2 Qc7 35. Qa6 (35. Qxc7 {was necessary.} Rxc7 36. Re1) 35... Qd7 36. Re1 Bxh3 37. Bc1 Be6 38. Rxe4 (38. Rh4 $142 f5 39. Rh2) 38... Rd1 39. Bd2 Nf6 40. Re1 Rxd2 41. Rxe6 Rd1 (41... Rxb2 42. Rxf6 gxf6 43. Qxf6 $19) 42. Re7 Rxf1+ $2 ({Black should try} 42... Qd8 $19 43. Ra7 Kh7) 43. Kxf1 $11 Rc1+ (43... Qxe7 $2 44. Qxc8+ Kh7 45. Rh4 $18) 44. Re1 Rxe1+ 45. Kxe1 {[%emt 0:00:00][%mdl 4096] Endgame KQR-KQN} Qf5 {[%emt 0:00:06] ...Qb1+ is the strong threat.} 46. Rh4 $36 {[%emt 0:00:14][%mdl 2048] White is more active.} (46. Qe2 {simplifies} Qb1+ 47. Qd1 Qe4+ 48. Kf1) 46... Qb1+ 47. Ke2 Qxb2+ 48. Kf1 Qb1+ 49. Kg2 {[%emt 0:00:02][%mdl 1024] White has strong compensation.} b3 50. Rb4 Qc2 51. Qb7 h5 52. Qf3 b2 53. Qb7 Ng4 54. Rxb2 Qf5 55. Re2 g6 56. Qa8+ Kh7 57. Qa1 Qd5+ 58. Kg1 Qf5 59. Qd4 {[%emt 0:00:04] Repels h4} Qf6 60. Qd5 (60. Qxf6 {simplifies} Nxf6 61. Re5 Kg7 62. Kf1) 60... Kg7 61. Kg2 (61. Qe4 $16) 61... h4 (61... Qxf2+ $1 $11 {was preferrable.} 62. Rxf2 Ne3+ 63. Kf3 Nxd5) 62. f3 $14 Nh6 63. g4 {[%emt 0:00:03][%cal Bg3g4,Bg4g5][%mdl 32] Strongly threatening g5.} Kh7 $2 {[%emt 0:00:06] [#]} (63... Qf4 $14) 64. g5 $1 $18 Qf5 {[%emt 0:00:03] [#]} 65. Qd2 $1 {[%emt 0:00:03] Active counter play!} Ng8 66. Re4 h3+ 67. Kg3 Kg7 $2 (67... f6 $18 68. gxf6 Qxf6) 68. Qc3+ (68. Qd4+ $142 Kf8 69. Qb4+ Kg7 70. Qb2+ Kf8 71. Re5 Qd7 72. Rb5 Qd6+ 73. Kxh3) 68... Kf8 69. Qe3 (69. Qa3+ $142 Kg7 70. Qb2+ Kf8 71. Re5) 69... Kg7 70. Re5 (70. Qd4+ $142 Kf8 71. Qb4+ Kg7 72. Qb2+ Nf6 73. Re5 Nh5+ 74. Kf2 Qxe5 75. Qxe5+ Kf8 76. Qd6+ Kg8 77. Qd8+ Kg7 78. Qb8) 70... Qd7 71. Rc5 {[%emt 0:00:04] Black must now prevent Qc3+.} Ne7 72. Qe5+ Kg8 73. Rc7 Nf5+ 74. Kxh3 Qd8 75. Rb7 {[%emt 0:00:02] Rb8 would kill now.} Ne7 $2 (75... Nd6 $18 76. Rb2 Qf8) 76. Rxe7 {[%emt 0:00:02] White used his chance. Artfully played by Fedoseev.   Weighted Error Value: White=0.44/Black=0.33} 1-0

[Event "AI Cup Div-2 2023"]
[Site "Online"]
[Date "2023.09.25"]
[Round "1.3"]
[White "Safarli, Eltaj"]
[Black "Artemiev, Vladislav"]
[Result "0-1"]
[ECO "C41"]
[WhiteElo "2612"]
[BlackElo "2697"]
[Annotator "TA"]
[PlyCount "142"]
[EventDate "2023.09.18"]
[EventType "k.o."]
[EventCountry "NET"]
[SourceTitle "playchess.com"]
[Source "ChessBase"]
[SourceQuality "1"]
[TimeControl "900+3"]

1. e4 e5 2. Nf3 Nc6 3. Bc4 d6 4. d4 Nf6 5. Nc3 Be7 6. dxe5 Nxe5 7. Bb3 {[%emt 0:00:01] [#] C41: Philidor Defence.} (7. Nxe5 $14 dxe5 8. Qxd8+ Bxd8 9. a4) 7... c6 $146 ({Predecessor:} 7... Bg4 8. h3 Nxf3+ 9. gxf3 Bh5 10. Qd3 Nd7 11. f4 Nc5 12. Qd5 Nxb3 13. axb3 Bf3 14. Rg1 Bf6 15. Qd3 Bh5 16. Qb5+ {1-0 Vecchio,R (1740)-Cardenas,I (1367) USA WS/16WM10 email 2016}) 8. h3 {[%emt 0:00:25] Repels Bg4} (8. Nxe5 {simplifies} dxe5 9. Qxd8+ Bxd8 10. a4) 8... b5 9. Nxe5 {[%emt 0:03:57] The position is equal.} dxe5 10. Qf3 O-O 11. Be3 a5 12. a4 bxa4 13. Nxa4 Ba6 14. Nc5 a4 15. Rxa4 Bb5 16. Rxa8 Qxa8 17. c4 $1 {[%emt 0:01:09] Threatens to win with 0-0.} Qa5+ 18. Bd2 Qa1+ 19. Qd1 Qxd1+ 20. Kxd1 Bxc5 21. cxb5 Nxe4 22. Ke2 Nxd2 (22... Bxf2 23. bxc6 Nxd2 24. Kxd2 $16) (22... Nxf2 23. Rc1 Ne4 24. Be1 $16 (24. bxc6 Nxd2 25. Kxd2 Bb6 $16)) 23. Kxd2 cxb5 $15 {[%emt 0:00:02][%mdl 4096] Endgame KRB-KRB} (23... Bxf2 24. bxc6 Bb6 25. Rf1 $16) 24. Ke2 Bd4 25. Rc1 Bxb2 26. Rc7 b4 27. g4 h6 28. Kf3 g6 29. Ke4 Kg7 30. h4 Bc3 31. f3 Be1 32. h5 gxh5 33. gxh5 Kf6 34. Rb7 Bd2 35. Bd5 Bc3 36. Bb3 Kg5 37. Rxf7 Rd8 38. Rf5+ Kh4 39. Bd5 Rb8 40. Bb3 Ra8 41. Rf6 (41. Kd5 $17) 41... Ra3 $19 (41... Kxh5 42. Bf7+ Kh4 43. Rxh6+ Kg3 44. Ke3 $11) 42. Bc4 (42. Bd1 {only move.}) 42... Bd2 $2 (42... Kxh5 43. f4 $15) (42... b3 $19 43. Rxh6 b2) 43. Rb6 Re3+ 44. Kf5 Bc3 ({Not} 44... Kxh5 45. f4 $11) ({Better is} 44... Rxf3+ $17 45. Kxe5 Rf2) 45. Bd5 $1 $11 Kxh5 46. Be4 {[%emt 0:00:05] Prevents Rd3} (46. f4 $1 $11 {and White stays safe.}) 46... Re1 (46... Re2 $1 $19 47. Rd6 Rd2) 47. f4 $2 (47. Rd6 $17) 47... exf4 $2 (47... Rf1 $19 {has better winning chances.} 48. Ke6 Rxf4) 48. Bf3+ (48. Rd6 $17 {is a better defense.}) 48... Kh4 $19 {[%emt 0:00:01] And now ...Kg3 would win.} 49. Kxf4 Bd2+ 50. Kf5 Kg3 $1 51. Be4 (51. Bh5 $142) 51... Kf2 52. Rd6 Bg5 ({Black should try} 52... Ke2 $19 {...Kd1 would be deadly.} 53. Rd3 Rc1) 53. Rb6 $11 Bd2 $2 (53... Rf1 $11 54. Rxb4 Ke3+ 55. Ke5 Bf6+ 56. Ke6 Bc3) 54. Rd6 $19 Ke2 $1 55. Bd3+ Kd1 $1 56. Rb6 Re3 57. Bc4 Rg3 58. Bf7 Kc2 59. Rc6+ Rc3 60. Rb6 Rf3+ 61. Kg6 Rg3+ 62. Kf5 Rg5+ ({Don't go for} 62... Rf3+ $2 63. Kg6 $19) 63. Ke4 h5 64. Rc6+ Kb2 $2 (64... Bc3 $19 {and Black stays clearly on top. White must now prevent ...b3.} 65. Kf4 Rb5 66. Bg6+ Kb2) 65. Rd6 {[%emt 0:00:04] [#]} (65. Kd3 $17) 65... Kc2 (65... Kc1 $142 $1 66. Rc6+ Kd1) 66. Rc6+ Bc3 {[%emt 0:00:01] Hoping for ...b3.} 67. Rh6 $2 (67. Kf4 {might work better.} Rb5 68. Bg6+ Kb2 69. Bd3) 67... b3 68. Rxh5 {[%emt 0:00:02] [#]} b2 $1 {[%emt 0:00:08] ( -> ...Rxh5)} 69. Rh2+ Bd2 70. Ba2 (70. Rh1 $19 b1=Q 71. Rxb1 Kxb1 72. Kd3) 70... Ra5 (70... b1=B 71. Bxb1+ Kc3 72. Ba2 $11) 71. Bc4 Ra4 {[%emt 0:00:01] Weighted Error Value: White=0.24 (precise) /Black=0.22 (precise)} ({Stronger than} 71... b1=B 72. Bd3+ Kc3 73. Bxb1 $11) 0-1